 Dungeon Crawl Stone Soup version 0.23.2-1-ga50397a (webtiles) character file.

Game seed: 3039263547002907755

13442 Tigri the Unseen (level 11, 0/58 HPs)
             Began as a Spriggan Assassin on May 30, 2019.
             Was a Priest of Ashenzari.
             Slain by Hycrow's ghost (5 damage)
             ... on level 2 of the Lair of Beasts.
             The game lasted 01:09:47 (16574 turns).

Tigri the Unseen (Spriggan Assassin)               Turns: 16574, Time: 01:09:47

Health: 0/58       AC:  4    Str: 16    XL:     11   Next: 75%
Magic:  0/16       EV: 30    Int: 13    God:    Ashenzari [***...]
Gold:   393        SH:  0    Dex: 22    Spells: 11/15 levels left

rFire    . . .     SeeInvis +   E - +4 short sword (drain) (curse)
rCold    . . .     Gourm    .   (shield restricted)
rNeg     + . .     Faith    .   H - +2 robe {rN+}
rPois    .         Spirit   +   (helmet restricted)
rElec    .         Reflect  .   y - scarf {Spirit} (curse)
rCorr    .         Harm     .   (gloves unavailable)
MR       ++++.                  (boots unavailable)
Stlth    +++++++...             (no amulet)
HPRegen  0.19/turn              L - +3 ring of strength
MPRegen  0.15/turn              t - ring of protection from magic

@: mighty, very quick
A: very small, unfitting armour, see invisible, agile 1, herbivore, speed 3,
magic resistance 2, slow metabolism 2
a: Curse Item, Scrying, Renounce Religion


You were on level 2 of the Lair of Beasts.
You worshipped Ashenzari.
Ashenzari was most pleased with you.
You were not hungry.

You visited 2 branches of the dungeon, and saw 10 of its levels.

You collected 593 gold pieces.
You spent 200 gold pieces at shops.

Inventory:

Hand Weapons
 b - a +0 blowgun
 c - a +1 falchion of slicing
 E - a cursed +4 short sword of draining (weapon)
Missiles
 e - 95 poisoned needles
 f - 4 curare-tipped needles
 A - 12 needles of confusion
Armour
 y - a cursed scarf of spirit shield (worn)
 B - a +2 cloak
 H - a +2 robe of positive energy (worn)
Jewellery
 k - a +2 ring of strength
 r - a +3 ring of intelligence
 t - a ring of protection from magic (right hand)
 u - an uncursed ring of fire
 L - a +3 ring of strength (left hand)
 M - a +3 ring of intelligence
Wands
 a - a wand of paralysis (9)
 n - a wand of polymorph (14)
 q - a wand of random effects (39)
 v - a wand of disintegration (4)
 z - a wand of iceblast (7)
 J - a wand of acid (3)
Scrolls
 d - a scroll of fog
 h - 4 scrolls of remove curse
 i - a scroll of fear
 o - 3 scrolls of enchant armour
 p - 2 scrolls of identify
 D - 4 scrolls of teleportation
 I - a scroll of torment {unknown}
 K - a scroll of immolation {unknown}
Potions
 j - 2 potions of cancellation
 l - 3 potions of flight
 s - 4 potions of haste
 w - a potion of might
 x - 4 potions of lignification
 C - 3 potions of curing
 F - a potion of invisibility {unknown}
 N - a potion of agility {unknown}
Comestibles
 g - 29 rations


   Skills:
 + Level 6.8 Fighting
 - Level 9.5(12.5) Short Blades
 - Level 3.3(5.7) Long Blades
 - Level 2.0 Throwing
 + Level 11.2 Dodging
 * Level 17.2 Stealth
 + Level 2.8 Spellcasting
 + Level 3.4 Charms
 + Level 2.1 Necromancy


You had 11 spell levels left.
You knew the following spells:

 Your Spells              Type           Power        Failure   Level  Hunger
a - Animate Skeleton      Necr           N/A          10%         1    #......
b - Regeneration          Chrm/Necr      #.........   22%         3    ###....

Your spell library contained the following spells:

 Spells                   Type           Power        Failure   Level  Hunger
 Pain                     Necr           #...         10%         1    #......
 Confusing Touch          Hex            #.....       24%         1    #......
 Corona                   Hex            #......      24%         1    #......
 Summon Small Mammal      Summ           #...         24%         1    #......
 Vampiric Draining        Necr           #.........   30%         3    ###....
 Call Imp                 Summ           #.......     34%         2    ###....
 Slow                     Hex            #.......     34%         2    ###....
 Call Canine Familiar     Summ           #.......     56%         3    ###....
 Confuse                  Hex            #.......     56%         3    ###....
 Gell's Gravitas          Tloc           #.........   56%         3    ###....
 Inner Flame              Hex/Fire       #.......     56%         3    ###....
 Portal Projectile        Hex/Tloc       #.....       56%         3    ###....
 Summon Guardian Golem    Hex/Summ       #.......     56%         3    ###....
 Animate Dead             Necr           N/A          69%         4    #####..
 Cause Fear               Hex            #.........   93%         4    #####..
 Leda's Liquefaction      Hex/Erth       #.........   93%         4    #####..
 Petrify                  Tmut/Erth      #.......     93%         4    #####..
 Summon Ice Beast         Ice/Summ       #.......     93%         4    #####..
 Summon Lightning Spire   Summ/Air       #.......     93%         4    #####..
 Metabolic Englaciation   Hex/Ice        #.........   100%        5    ######.
 Yara's Violent Unravell  Hex/Tmut       #.........   100%        5    ######.


Dungeon Overview and Level Annotations

Branches:
Dungeon (8/15)             Temple (0/1) D:5            Lair (2/6) D:8
  Swamp: Lair:2-4    Shoals: Lair:2-4     Snake: Lair:2-4    Spider: Lair:2-4

Altars:
Ashenzari
Cheibriados
Dithmenos
Hepliaklqana
Makhleb
Nemelex Xobeh
Okawaru
Yredelemnul

Shops:
D:4 %   D:5 :   D:6 [   D:7 %

Annotations:
Lair:2 exclusion: oklob plant, Hycrow's ghost, journeyman MiBe


Innate Abilities, Weirdness & Mutations

You are very small and have problems with some larger weapons.
You are too small for most types of armour.
You have supernaturally acute eyesight. (SInv)
You are a herbivore.
You cover ground extremely quickly.
You need to consume almost no food.
You are agile. (Dex +2)
You are highly resistant to hostile enchantments. (MR++)


Message History

Hycrow's ghost is severely damaged.
You hit Hycrow's ghost but do no damage.
Hycrow's ghost is severely damaged.
Hycrow's ghost hits you! Hycrow's ghost burns you.
You hit Hycrow's ghost but do no damage.
Hycrow's ghost is severely damaged.
You hit Hycrow's ghost.
Hycrow's ghost is severely damaged.
Hycrow's ghost hits you!
* * * LOW HITPOINT WARNING * * *
Hycrow's ghost burns you.
* * * LOW HITPOINT WARNING * * *
You barely miss Hycrow's ghost.
Hycrow's ghost is severely damaged.
You barely miss Hycrow's ghost.
Hycrow's ghost is severely damaged.
Hycrow's ghost hits you!
* * * LOW HITPOINT WARNING * * *
Hycrow's ghost burns you.
You die...

#.[.....(.##.#.##
###.#)..
#..#8..8#.#.....#
####P#
#..##..##..##§§.#
###
#..†..$.......###
##...........##
#......#....##
#.#...P###.#..#####
##..####
##...#.#.## #.##
##.@...#.# ##
#..W.....#
#.#......$#
#.#......#.
#.......##
##.#.....# ###
#..##..### ###.##
##..####
###....####.##


You could see Hycrow's ghost.

Vanquished Creatures
  A catoblepas (Lair:2)
  A two-headed ogre (D:8)
  Pikel (D:8)
  3 black mambas
  A torpor snail (Lair:2)
  4 spiny frogs
  A rime drake (Lair:1)
  2 komodo dragons
  A hippogriff (Lair:2)
  23 yaks
  A basilisk (Lair:2)
  2 hungry ghosts
  5 water moccasins
  4 porcupines
  A phantom (D:7)
  8 ogres
  2 centaurs (D:6)
  A necrophage (D:4)
  5 crocodiles
  12 bullfrogs
  A wyvern zombie (D:8)
  2 scorpions
  3 wights (D:6)
  3 howler monkeys
  8 crimson imps
  2 bullfrog zombies
  A bullfrog skeleton (D:6)
  2 hounds
  3 orc wizards (D:4)
  Crazy Yiuf (D:7)
  3 orc priests
  5 iguanas
  Terence (D:2)
  7 worker ants
  A hound zombie (D:6)
  A mummy (D:8)
  A worker ant zombie (D:5)
  3 gnolls (D:3)
  11 adders
  3 oozes
  3 adder zombies
  2 adder skeletons
  5 worms
  A dart slug (D:5)
  6 leopard geckos
  19 orcs
  A ball python (D:3)
  A giant cockroach (D:2)
  10 goblins
  12 hobgoblins
  3 quokkas
  A ball python zombie (D:5)
  5 bats
  2 frilled lizards
  A jackal skeleton (D:4)
  A jackal zombie (D:7)
  7 kobolds
  A leopard gecko skeleton (D:6)
  3 quokka skeletons
  A quokka zombie (D:6)
  6 rats
232 creatures vanquished.

Vanquished Creatures (collateral kills)
  A porcupine (Lair:2)
  A bullfrog (Lair:2)
2 creatures vanquished.

Vanquished Creatures (others)
  A worker ant (D:8)
  3 fungi
  18 plants
22 creatures vanquished.

Grand Total: 256 creatures vanquished

Notes
Turn   | Place    | Note
-------+----------+-------------------------------------------
     0 | D:1      | Tigri the Spriggan Assassin began the quest for the Orb.
     0 | D:1      | Reached XP level 1. HP: 10/10 MP: 2/2
    24 | D:1      | Reached skill level 6 in Stealth
   302 | D:1      | Reached XP level 2. HP: 10/14 MP: 3/3
   922 | D:1      | Reached skill level 7 in Stealth
  1161 | D:1      | Reached XP level 3. HP: 15/18 MP: 4/4
  1346 | D:2      | Found a shattered altar of Ashenzari.
  1346 | D:2      | Noticed Terence
  1360 | D:2      | Killed Terence
  1543 | D:2      | Reached XP level 4. HP: 17/23 MP: 5/5
  2408 | D:2      | Became a worshipper of Ashenzari the Shackled
  3782 | D:3      | Reached XP level 5. HP: 11/26 MP: 6/6
  3980 | D:3      | Reached skill level 1 in Long Blades
  4029 | D:3      | Reached skill level 8 in Stealth
  4607 | D:3      | Gained mutation: You occasionally shout uncontrollably at
                  | your foes. [potion of mutation]
  4607 | D:3      | Gained mutation: You are resistant to hostile enchantments.
                  | (MR+) [potion of mutation]
  4941 | D:4      | Found a burning altar of Makhleb.
  5099 | D:4      | Noticed a necrophage
  5116 | D:4      | Killed a necrophage
  5116 | D:4      | Reached XP level 6. HP: 26/31 MP: 7/7
  5451 | D:4      | Reached skill level 9 in Stealth
  5635 | D:4      | Reached XP level 7. HP: 12/34 MP: 8/8
  6203 | D:4      | Found Ucrosex's Food Boutique.
  6211 | D:4      | Bought a ration for 50 gold pieces
  6211 | D:4      | Bought a ration for 50 gold pieces
  6211 | D:4      | Bought a ration for 50 gold pieces
  6211 | D:4      | Bought a ration for 50 gold pieces
  7701 | D:5      | Entered Level 5 of the Dungeon
  8115 | D:5      | Found a shadowy altar of Dithmenos.
  8134 | D:5      | Found Jahor's Book Emporium.
  8208 | D:5      | Found a staircase to the Ecumenical Temple.
  8212 | D:5      | Reached * piety under Ashenzari
  8271 | D:5      | Reached skill level 10 in Stealth
  8560 | D:5      | Found a shadowy altar of Dithmenos.
  8931 | D:5      | Reached skill level 5 in Dodging
  9001 | D:5      | Found an iron altar of Okawaru.
  9001 | D:5      | Found a basalt altar of Yredelemnul.
  9052 | D:6      | Reached XP level 8. HP: 40/40 MP: 9/9
  9162 | D:6      | Found a snail-covered altar of Cheibriados.
  9196 | D:6      | Found Maeleess's Armour Emporium.
  9335 | D:6      | Reached skill level 5 in Short Blades
  9539 | D:6      | Reached skill level 11 in Stealth
 10127 | D:6      | Lost mutation: You occasionally shout uncontrollably at
                  | your foes. [potion of mutation]
 10127 | D:6      | Gained mutation: You are highly resistant to hostile
                  | enchantments. (MR++) [potion of mutation]
 10127 | D:6      | Gained mutation: You are agile. (Dex +2) [potion of
                  | mutation]
 10243 | D:7      | Reached XP level 9. HP: 39/45 MP: 6/10
 10273 | D:7      | Reached skill level 12 in Stealth
 10548 | D:7      | Found Emufak's Food Shop.
 10825 | D:7      | Found a runed translucent door.
 10826 | D:7      | Noticed Crazy Yiuf
 10842 | D:7      | Killed Crazy Yiuf
 11103 | D:8      | Found a staircase to the Lair.
 11212 | D:8      | Reached skill level 13 in Stealth
 11360 | D:8      | Found a sand-covered staircase.
 11626 | D:8      | Reached XP level 10. HP: 37/51 MP: 8/11
 11632 | D:8      | Reached skill level 5 in Fighting
 11788 | D:8      | Reached ** piety under Ashenzari
 11880 | D:8      | Noticed Pikel
 11895 | D:8      | Killed Pikel
 11895 | D:8      | Reached skill level 14 in Stealth
 12440 | D:8      | Found a sparkling altar of Nemelex Xobeh.
 12440 | D:8      | Found a hazy altar of Hepliaklqana.
 12525 | D:8      | Noticed a two-headed ogre
 12539 | D:8      | Killed a two-headed ogre
 13065 | Lair:1   | Entered Level 1 of the Lair of Beasts
 13307 | Lair:1   | Reached skill level 15 in Stealth
 13571 | Lair:1   | Noticed a black mamba
 13577 | Lair:1   | Killed a black mamba
 13756 | Lair:1   | Reached skill level 10 in Dodging
 13756 | Lair:1   | Reached XP level 11. HP: 52/56 MP: 12/12
 13799 | Lair:1   | Reached *** piety under Ashenzari
 14141 | Lair:1   | Reached skill level 16 in Stealth
 14708 | Lair:2   | Learned a level 1 spell: Animate Skeleton
 14717 | Lair:2   | Learned a level 3 spell: Regeneration
 14793 | Lair:2   | Reached skill level 1 in Charms
 14795 | Lair:2   | Noticed an oklob plant
 14904 | Lair:2   | Found a runed translucent gate.
 14904 | Lair:2   | Found a runed translucent gate.
 14904 | Lair:2   | Found a runed translucent gate.
 14905 | Lair:2   | Noticed Hycrow's ghost (journeyman MiBe)
 14918 | Lair:2   | Noticed a death yak
 14958 | Lair:2   | Reached skill level 1 in Spellcasting
 14984 | Lair:2   | Reached skill level 1 in Necromancy
 15244 | Lair:2   | Reached skill level 17 in Stealth
 15646 | Lair:2   | Noticed a catoblepas
 16214 | Lair:2   | Killed a catoblepas
 16574 | Lair:2   | Slain by Hycrow's ghost

Skill      XL: |  1  2  3  4  5  6  7  8  9 10 11 |
---------------+----------------------------------+-----
Stealth        | 6 7 8 9 10 11 13 15 17 | 17.2
Dodging        | 2 3 4 5 6 8 10 11 | 11.2
Short Blades   | 3 4 6 8 9 |  9.5
Fighting       | 2 3 4 6 |  6.8
Long Blades    | 1 2 3 |  3.3
Charms         | 3 |  3.4
Spellcasting   | 2 |  2.8
Necromancy     | 2 |  2.1
Throwing       | |  2.0

Action                   |  1- 3 |  4- 6 |  7- 9 | 10-12 || total
-------------------------+-------+-------+-------+-------++-------
Melee: Dagger            |    83 |       |       |       ||    83
       Falchion          |    12 |   227 |   127 |       ||   366
       Short sword       |       |       |   276 |   546 ||   822
 Cast: Animate Skeleton  |       |       |       |     3 ||     3
Invok: Curse Item        |       |     1 |     2 |       ||     3
Evoke: Wand              |       |       |       |     2 ||     2
  Use: Scroll            |     5 |     3 |     6 |     3 ||    17
       Potion            |     2 |     4 |     3 |     5 ||    14
 Stab: Sleeping          |     4 |     8 |    29 |     8 ||    49
       Distracted        |     1 |     2 |     4 |     4 ||    11
       Petrified         |       |       |       |     1 ||     1
  Eat: Ration            |       |     2 |     3 |     3 ||     8
Armor: Robe              |     8 |    19 |    14 |    11 ||    52
Dodge: Dodged            |    64 |   189 |   277 |   256 ||   786
       Rpst.: Falchion   |     5 |    59 |    36 |       ||   100
